 Dungeon Crawl Stone Soup version 0.18.1-47-g9310371 (webtiles) character file.

51 sveltemanboy the Chucker (level 3, -5/37 HPs)
             Began as an Ogre Hunter on June 17, 2016.
             Was an Initiate of Okawaru.
             Slain by a worm (12 damage)
             ... on level 2 of the Dungeon.
             The game lasted 00:05:55 (1840 turns).

sveltemanboy the Chucker (Ogre Hunter)              Turns: 1840, Time: 00:05:56

Health: -5/37      AC:  4    Str: 18    XL:     3   Next: 81%
Magic:  3/3        EV:  9    Int:  8    God:    Okawaru [......]
Gold:   63         SH:  0    Dex: 10    Spells: 0 memorised, 2 levels left

rFire  . . .     SeeInvis .     o - +0 whip
rCold  . . .     Gourm    .     b - +0 robe
rNeg   . . .     Faith    .     (no shield)
rPois  .         Spirit   .     (helmet restricted)
rElec  .         Dismiss  .     (no cloak)
rCorr  .         Reflect  .     (gloves unavailable)
SustAt .         Harm     .     (boots unavailable)
MR     .....                    k - amulet of regeneration
Stlth  +.........               (no ring)
                                (no ring)

@: drained, not resistant to hostile enchantments, very unstealthy
A: unfitting armour, molten scales 1, dopey 1, tough skin 1, subdued magic 1
a: Renounce Religion


You were on level 2 of the Dungeon.
You worshipped Okawaru.
Okawaru was noncommittal.
You were hungry.

You visited 1 branch of the dungeon, and saw 2 of its levels.

You collected 75 gold pieces.
You paid 12 gold pieces to Gozag.

Inventory:

Hand Weapons
 o - a +0 whip (weapon)
Missiles
 e - 107 stones (quivered)
Armour
 b - a +0 robe (worn)
Jewellery
 k - an amulet of regeneration (around neck)
Scrolls
 a - 2 scrolls of teleportation {unknown}
 g - a scroll of blinking {unknown}
 i - 2 scrolls of identify {unknown}
 l - a scroll of noise {unknown}
 m - 2 scrolls of immolation {unknown}
 p - a scroll of amnesia {unknown}
Potions
 n - a potion of curing
Comestibles
 f - 2 bread rations
 j - a beef jerky


   Skills:
 + Level 3.1(2.4) Fighting
 * Level 0.3(0.0) Maces & Flails
 - Level 4.5(3.8) Throwing
 + Level 1.2(0.5) Armour
 + Level 2.2(1.5) Dodging
 - Level 0.7(0.1) Stealth


You had 2 spell levels left.
You didn't know any spells.

Dungeon Overview and Level Annotations

Branches:
Dungeon (2/15)

Altars:
Gozag
Okawaru

Shops:
D:2 *


Innate Abilities, Weirdness & Mutations

You are too large for most types of armour.
You have tough skin (AC +1).
You are partially covered in molten scales (AC +1).
You are dopey. (Int -2)
Your spells are a little easier to cast, but a little less powerful.


Message History

You throw a large rock. The large rock barely misses the worm.
The worm bites you but does no damage.
You hit the worm.
The worm is lightly wounded.
The worm bites you but does no damage.
You hit the worm but do no damage.
The worm is lightly wounded.
The worm bites you!!
* * * LOW HITPOINT WARNING * * *
You are too injured to fight recklessly!
You are too injured to fight recklessly!
Drink which item? (? for menu, Esc to quit)
It was a potion of curing.
You feel better. The worm bites you!
* * * LOW HITPOINT WARNING * * *
Drink which item? (? for menu, Esc to quit)
It was a potion of mutation.
You feel extremely strange.
Molten scales grow over part of your body.
Your connection to magic feels subdued.
You feel stupid. The worm bites you!
You die...

## . ##. .(.
#(#########
.........# .
.######w.....# .
........@....# .#
#.########.####.#
##'###.......<#.#
....######.#.##.#
....# #.#....#
....# #.######
#### #.# ...# #.#
#.## #.#


You could see a worm (berserk).

Vanquished Creatures
  2 adders (D:2)
  2 dart slugs
  A giant gecko (D:2)
  A ball python (D:1)
  A giant cockroach (D:1)
  2 goblins (D:2)
  A hobgoblin (D:2)
  7 jackals (D:2)
  3 bats
  3 kobolds
  5 rats
28 creatures vanquished.

Notes
Turn   | Place    | Note
--------------------------------------------------------------
     0 | D:1      | sveltemanboy the Ogre Hunter began the quest for the Orb.
     0 | D:1      | Reached XP level 1. HP: 22/22 MP: 1/1
   345 | D:1      | Reached XP level 2. HP: 27/29 MP: 2/2
   869 | D:2      | Found an opulent altar of Gozag.
   870 | D:2      | Found Gozag's Platinum Reserve.
   899 | D:2      | Became a worshipper of Gozag Ym Sagoz the Greedy
   979 | D:2      | Reached skill level 1 in Armour
  1113 | D:2      | Found an iron altar of Okawaru.
  1126 | D:2      | Fell from the grace of Gozag
  1126 | D:2      | Became a worshipper of Warmaster Okawaru
  1143 | D:2      | Reached XP level 3. HP: 35/37 MP: 3/3
  1840 | D:2      | Gained mutation: You are partially covered in molten scales (AC +1). [potion of mutation]
  1840 | D:2      | Gained mutation: Your spells are a little easier to cast, but a little less powerful. [potion of mutation]
  1840 | D:2      | Gained mutation: You are dopey. (Int -2) [potion of mutation]
  1840 | D:2      | Slain by a worm

Skill      XL: |  1  2 |
---------------+-------+-----
Fighting       | 3 |  3.1
Armour         | 1 |  1.2
Dodging        | 2 |  2.2
Maces & Flails | |  0.3
Throwing       | |  4.5
Stealth        | |  0.7

Action                   || total
-------------------------++-------
Melee: Unarmed           ||    43
       Whip              ||    11
Throw: Stone             ||   134
       Large rock        ||    11
       Throwing net      ||     3
Invok: Potion Petition   ||     1
  Use: Potion            ||     4
  Eat: Chunk             ||     2
Armor: Robe              ||    54
Dodge: Dodged            ||    75
